 Dungeon Crawl Stone Soup version 0.16-a0-3501-g08befd0 (webtiles) character file.

799 EdwardR the Ruffian (level 7, -4/68 HPs)
             Began as a Troll Fighter on Jan 6, 2015.
             Was a Follower of Okawaru.
             Slain by a wyvern (13 damage)
             ... on level 7 of the Dungeon.
             The game lasted 00:13:25 (3394 turns).

EdwardR the Ruffian (Troll Fighter)                 Turns: 3394, Time: 00:13:26

Health: -4/68      AC:  6    Str: 27    XL:     7   Next: 59%
Magic:  3/3        EV:  7    Int:  4    God:    Okawaru [*.....]
Gold:   281        SH:  9    Dex:  9    Spells: 0 memorised, 6 levels left

rFire  . . .     SeeInvis .       - Unarmed
rCold  . . .     Clarity  .     b - +0 robe
rNeg   . . .     SustAb   .     c - +0 shield
rPois  .         Gourm    +     E - +0 hat
rElec  .         Spirit   .     n - +0 cloak
rCorr  .         Warding  .     (gloves unavailable)
rMut   .         Stasis   .     (boots unavailable)
MR     +....                    s - amulet of rage
Stlth  +.........               (no ring)
                                d - ring of protection from magic

@: somewhat resistant to hostile enchantments, very unstealthy
A: unfitting armour, claws 3, fast metabolism 3, gourmand, regeneration 2,
shaggy fur 1, tough skin 2
a: Heroism, Renounce Religion, Evoke Berserk Rage


You were on level 7 of the Dungeon.
You worshipped Okawaru.
Okawaru was aware of your devotion.
You were very full.

You visited 2 branches of the dungeon, and saw 6 of its levels.

You collected 281 gold pieces.

Inventory:

Armour
 b - a +0 robe (worn)
 c - a +0 shield (worn)
 n - a +0 cloak (worn)
 p - a +2 robe of the Archmagi
 E - a +0 hat (worn)
Jewellery
 d - a ring of protection from magic (left claw)
 r - an uncursed amulet of faith
 s - an amulet of rage (around neck)
Magical devices
 i - a wand of flame (23)
 F - a wand of paralysis (8)
 J - a wand of flame (20)
Scrolls
 m - 2 scrolls of enchant weapon
 o - 5 scrolls of remove curse
 x - 4 scrolls of identify
 y - a scroll of teleportation
 D - 2 scrolls of amnesia
 G - a scroll of noise {unknown}
 H - a scroll of magic mapping {unknown}
 I - a scroll of fear {unknown}
 K - a scroll of fog {unknown}
Potions
 e - 2 potions of might
 g - a potion of cancellation {unknown}
 h - 2 potions of curing
 j - 2 potions of heal wounds
 q - a potion of flight {unknown}
 t - a potion of ambrosia {unknown}
 u - a potion of lignification {unknown}
 v - a potion of resistance {unknown}
 w - 2 potions of cure mutation {unknown}
 A - a potion of invisibility {unknown}
 B - a potion of agility {unknown}
Books
 k - a book of Control

   Spells                             Type                      Level
   a - Control Teleport               Charms/Translocation         4
   b - Control Undead                 Necromancy                   4
   c - Enslavement                    Hexes                        4
   d - Metabolic Englaciation         Hexes/Ice                    5
   e - Mass Confusion                 Hexes                        6
 C - a Grand Grimoire {highlevel, unknown}

   This book is beyond your current level of understanding.

   Spells                             Type                      Level
   a - Aura of Abjuration             Summoning                    6
   b - Forceful Dismissal             Summoning                    6
   c - Summon Greater Demon           Summoning                    7
   d - Malign Gateway                 Summoning/Translocation      7
   e - Summon Horrible Things         Summoning                    8
Comestibles
 a - 2 meat rations
 f - a bread ration
 l - a slice of pizza
 z - a beef jerky


   Skills:
 + Level 3.9 Fighting
 + Level 2.6 Armour
 + Level 0.7 Stealth
 + Level 4.2 Shields
 * Level 6.3 Unarmed Combat


You had 6 spell levels left.
You didn't know any spells.

Dungeon Overview and Level Annotations

Branches:
Dungeon (7/15)             Temple (1/1) D:4

Altars:
Ashenzari
Cheibriados
Elyvilon
Fedhas
Gozag
Kikubaaqudgha
Okawaru
Ru
Sif Muna
Trog
Vehumet
Xom


Innate Abilities, Weirdness & Mutations

You are too large for most types of armour.
You have claws for hands.
Your metabolism is lightning-fast.
You like to eat raw meat.
You heal very quickly.
You are covered in fur (AC +1).
You have very tough skin (AC +2).


Message History

K - a scroll labeled PREERO GOMOHY A wyvern comes into view.
A wyvern is nearby!
A wyvern is nearby!
A wyvern is nearby!
A wyvern is nearby!
The wyvern bites you! x2
You scratch the wyvern.
The wyvern begins to bleed from its wounds!
The wyvern is lightly wounded.
The wyvern bites you!!
You closely miss the wyvern.
The wyvern is lightly wounded.
The wyvern bites you!
* * * LOW HITPOINT WARNING * * *
The wyvern closely misses you.
You scratch the wyvern.
The wyvern is moderately wounded.
The wyvern bites you!
You die...

#....## #..####
#...... #####.####
#......# # #.###..#
# #.#....# #########
#.#.##.# # #.....D@#
#......# # #.#####.#
###.###### #.#####.#
#....... #....##.###
####..##
##.##......# #....
#...####.#.# ##.##
#........#.# #.##
#....#####.#########
#... ####<#
#.........# ####


You could see a wyvern (bleeding).

Vanquished Creatures
  A sky beast (D:7)
  A centaur (D:7)
  2 ogres
  A goliath beetle (D:7)
  3 crimson imps
  2 worker ants (D:7)
  An iguana (D:4)
  Ijyb (D:2)
  Jessica (D:2)
  Terence (D:2)
  4 adders
  7 gnolls
  A giant mite (D:2)
  A shadow imp (D:7)
  A worm (D:4)
  An ooze (D:4)
  An orc (D:3)
  2 ball pythons (D:4)
  11 bats
  3 giant cockroaches
  14 goblins
  9 hobgoblins
  7 jackals (D:1)
  6 kobolds
  3 giant geckos
  8 giant newts
  A quokka zombie (D:7)
  6 rats
100 creatures vanquished.

Notes
Turn   | Place    | Note
--------------------------------------------------------------
     0 | D:1      | EdwardR, the Troll Fighter, began the quest for the Orb.
     0 | D:1      | Reached XP level 1. HP: 22/22 MP: 1/1
    81 | D:1      | Reached XP level 2. HP: 29/29 MP: 1/1
   472 | D:1      | Reached XP level 3. HP: 36/36 MP: 2/2
   724 | D:2      | Noticed Ijyb
   753 | D:2      | Killed Ijyb
   753 | D:2      | Reached skill level 3 in Shields
   845 | D:2      | Noticed Terence
   857 | D:2      | Killed Terence
   857 | D:2      | Reached XP level 4. HP: 41/44 MP: 2/2
  1112 | D:2      | Noticed Jessica
  1132 | D:2      | Killed Jessica
  1293 | D:3      | Reached XP level 5. HP: 53/53 MP: 2/2
  2032 | D:4      | Found a staircase to the Ecumenical Temple.
  2062 | D:4      | Noticed an ogre
  2070 | D:4      | Killed an ogre
  2070 | D:4      | Reached skill level 4 in Unarmed Combat
  2070 | D:4      | Reached XP level 6. HP: 50/61 MP: 3/3
  2309 | Temple   | Entered the Ecumenical Temple
  2397 | Temple   | Became a worshipper of Warmaster Okawaru
  2616 | D:4      | You fall through a shaft!
  2702 | D:7      | Reached skill level 5 in Unarmed Combat
  2886 | D:7      | Reached XP level 7. HP: 50/67 MP: 3/3
  3131 | D:7      | Reached skill level 6 in Unarmed Combat
  3189 | D:7      | Acquired Okawaru's first power
  3390 | D:7      | Noticed a wyvern
  3394 | D:7      | Slain by a wyvern

Action                   |  1- 3 |  4- 6 |  7- 9 || total
-------------------------+-------+-------+-------++-------
Melee: Unarmed           |   116 |   162 |    47 ||   325
  Use: Scroll            |     1 |     4 |     1 ||     6
       Potion            |       |       |     5 ||     5
  Eat: Meat ration       |     2 |     2 |     1 ||     5
       Bread ration      |       |     2 |     1 ||     3
